 Dungeon Crawl Stone Soup version 0.21-a0-221-gfe971b9 (webtiles) character file.

414189 Lavandula the Protected (level 22, -47/190 HPs)
             Began as a Ghoul Warper on Aug 23, 2017.
             Was the Champion of Cheibriados.
             Killed from afar by a lich (108 damage)
             ... with a crystal spear
             ... on level 2 of the Tomb of the Ancients on Aug 24, 2017.
             The game lasted 05:28:53 (24924 turns).

Lavandula the Protected (Ghoul Warper)             Turns: 24924, Time: 05:29:03

Health: -47/190    AC: 32    Str: 41    XL:     22   Next: 82%
Magic:  19/38      EV: 20    Int: 27    God:    Cheibriados [******]
Gold:   644        SH:  8    Dex: 24    Spells: 3/47 levels left

rFire    + + .     SeeInvis +   e - +18 lance "Wyrmbane" {slay drac, rPois rF+ rC+ AC+3}
rCold    + + +     Gourm    .   S - +1 buckler of Votor {*Contam rElec rC+ rN+}
rNeg     + + +     Faith    .   Z - +2 chain mail {MR+}
rPois    ∞         Spirit   .   v - +2 helmet {Int+3}
rElec    +         Reflect  .   N - +2 cloak {MR+}
rCorr    .         Harm     +   L - +2 pair of gloves
MR       +++..                  z - +2 pair of boots {Fly}
Stlth    ++........             T - amulet of harm
HPRegen  0.00/turn              r - ring "Ukowes" {*Contam rElec rF+ Str+3 SInv}
MPRegen  0.26/turn              i - +2 ring of slaying

@: rotting, very slow
A: rotting body, claws 1, carnivore 3, cold resistance 1, negative energy
resistance 3, inhibited regeneration, torment resistance, unbreathing
}: 4/15 runes: decaying, slimy, silver, gossamer
a: Bend Time, Temporal Distortion, Slouch, Step From Time, Renounce Religion,
Evoke Flight


You were on level 2 of the Tomb of the Ancients.
You worshipped Cheibriados.
Cheibriados was exalted by your worship.
You were not hungry.

You visited 10 branches of the dungeon, and saw 46 of its levels.
You also visited: Sewer.

You collected 5015 gold pieces.
You spent 4371 gold pieces at shops.

Inventory:

Hand Weapons
 e - the +18 lance "Wyrmbane" (weapon) {slay drac, rPois rF+ rC+ AC+3}
   (You found it on level 5 of the Pits of Slime)

   It affects your AC (+3).
   It protects you from fire.
   It protects you from cold.
   It protects you from poison.
 x - the +12 glaive of Prune {chop}
   (You found it on level 3 of the Crypt)

   It inflicts extra damage upon your enemies.
Missiles
 w - 4 javelins (quivered)
 E - 4 throwing nets
Armour
 a - the +9 crystal plate armour of Esmaomiraf {rN++}
   (You found it on level 5 of the Pits of Slime)

   It greatly protects you from negative energy.
 q - the -3 pair of boots of the Villain {rC+ rN+ MR+ Int+6}
   (You found it on level 5 of the Vaults)

   It affects your intelligence (+6).
   It protects you from cold.
   It protects you from negative energy.
   It affects your resistance to hostile enchantments.
 t - a scarf of resistance
 v - a +2 helmet of intelligence (worn)
 z - a +2 pair of boots of flying (worn)
 L - a +2 pair of gloves (worn)
 N - a +2 cloak of magic resistance (worn)
 P - the +1 scale mail "Waruckos" {Slay+4}
   (You found it on level 5 of the Vaults)

   It affects your accuracy and damage with ranged weapons and melee attacks
   (+4).
 S - the +1 buckler of Votor (worn) {*Contam rElec rC+ rN+}
   (You found it on level 5 of the Pits of Slime)

   It protects you from cold.
   It insulates you from electricity.
   It protects you from negative energy.
   It causes magical contamination when unequipped.
 Z - a +2 chain mail of magic resistance (worn)
Jewellery
 i - a +2 ring of slaying (right hand)
 r - the ring "Ukowes" (left hand) {*Contam rElec rF+ Str+3 SInv}
   (You bought it in a shop on level 13 of the Dungeon)

   [ring of protection from fire]

   It affects your strength (+3).
   It protects you from fire.
   It insulates you from electricity.
   It lets you see invisible.
   It causes magical contamination when unequipped.
 s - an uncursed ring of resist corrosion
 T - an amulet of harm (around neck)
 V - an uncursed ring of wizardry
 W - the ring "Plog" {rPois rF+ rC++ Int-4 Slay-2}
   (You found it on level 14 of the Dungeon)

   [ring of slaying]

   It affects your intelligence (-4).
   It affects your accuracy and damage with ranged weapons and melee attacks
   (-2).
   It protects you from fire.
   It greatly protects you from cold.
   It protects you from poison.
Wands
 c - a wand of paralysis (24/24)
 A - a wand of digging (12/24)
 K - a wand of acid (4/15)
 X - a wand of enslavement (16/24)
Scrolls
 g - 3 scrolls of amnesia
 k - 2 scrolls of silence
 n - 14 scrolls of remove curse
 B - 12 scrolls of teleportation
 D - a scroll of immolation
 H - a scroll of fog
 M - a scroll of magic mapping
 Q - 3 scrolls of torment
Potions
 d - a potion of ambrosia
 h - 5 potions of brilliance
 j - 7 potions of curing
 l - 2 potions of magic
 m - 2 potions of cancellation
 o - 2 potions of resistance
 C - 3 potions of might
 J - 3 potions of invisibility
Books
 p - a book of the Dragon

   Spells                             Type                      Level
   a - Flame Tongue                   Conjuration/Fire             1
   b - Cause Fear                     Hexes                        4
   c - Bolt of Fire                   Conjuration/Fire             6
   d - Dragon Form                    Transmutation                7
   e - Dragon's Call                  Summoning                    9
 F - a book of the Earth

   Spells                             Type                      Level
   a - Leda's Liquefaction            Hexes/Earth                  4
   b - Bolt of Magma                  Conjuration/Fire/Earth       5
   c - Statue Form                    Transmutation/Earth          6
   d - Iron Shot                      Conjuration/Earth            6
   e - Shatter                        Earth                        9
 G - a book of Summonings

   Spells                             Type                      Level
   a - Recall                         Summoning/Translocation      3
   b - Aura of Abjuration             Summoning                    5
   c - Summon Demon                   Summoning                    5
   d - Summon Forest                  Summoning/Translocation      5
   e - Summon Mana Viper              Hexes/Summoning              5
   f - Shadow Creatures               Summoning                    6
 I - the Compendium of Dark Secrets
   (You found it on level 3 of the Crypt)

   Spells                             Type                      Level
   a - Corpse Rot                     Necromancy                   2
   b - Sublimation of Blood           Necromancy                   2
   c - Regeneration                   Charms/Necromancy            3
   d - Vampiric Draining              Necromancy                   3
   e - Cigotuvi's Embrace             Necromancy                   5
   f - Haunt                          Necromancy/Summoning         7
Miscellaneous
 y - a lamp of fire
 U - a box of beasts
 Y - a lightning rod (4/4)
Comestibles
 f - 17 meat rations


   Skills:
 - Level 14.3 Fighting
 - Level 12.0 Polearms
 - Level 4.8 Throwing
 - Level 14.4 Armour
 - Level 11.1 Dodging
 - Level 9.4 Stealth
 - Level 5.2 Shields
 - Level 14.0 Unarmed Combat
 - Level 13.3 Spellcasting
 - Level 4.4 Hexes
 - Level 8.1 Charms
 - Level 5.7 Summonings
 + Level 9.2 Necromancy
 - Level 7.1 Translocations
 - Level 6.8 Air Magic
 - Level 9.0 Invocations
 - Level 6.8 Evocations


You had 3 spell levels left.
You knew the following spells:

 Your Spells              Type           Power        Failure   Level  Hunger
a - Blink                 Tloc           N/A          1%          2    None
b - Shroud of Golubria    Chrm/Tloc      ######....   1%          2    None
c - Animate Skeleton      Necr           N/A          1%          1    None
d - Regeneration          Chrm/Necr      ######....   1%          3    None
e - Control Undead        Necr           ######....   1%          4    None
f - Animate Dead          Necr           N/A          1%          4    None
g - Apportation           Tloc           ######       1%          1    None
h - Deflect Missiles      Chrm/Air       ######....   45%         6    ####...
i - Summon Butterflies    Summ           #####...     1%          1    None
k - Cause Fear            Hex            #####.....   12%         4    None
l - Invisibility          Hex            #####...     88%         6    ####...
m - Lesser Beckoning      Tloc           ######....   1%          3    None
n - Spectral Weapon       Hex/Chrm       ######..     1%          3    None
q - Passage of Golubria   Tloc           N/A          3%          4    None


Dungeon Overview and Level Annotations

Branches:
Dungeon (14/15)            Temple (1/1) D:6            Lair (6/6) D:11
  Swamp (4/4) Lair:3       Spider (4/4) Lair:3        Slime (5/5) Lair:6
    Orc (2/2) D:10            Elf (0/3) Orc:2        Vaults (5/5) D:14
  Crypt (3/3) Vaults:2       Tomb (2/3) Crypt:3

Altars:
Cheibriados
Dithmenos
Elyvilon
Fedhas
Gozag
Hepliaklqana
Kikubaaqudgha
Makhleb
Nemelex Xobeh
Qazlal
Ru
Trog
Uskayaw
Wu Jian
Xom
Yredelemnul
Zin
The Shining One
Beogh
Jiyva

Shops:
D:13 =!?[   Orc:2 =([?*   Vaults:3 ?([:(

Portals:
Trove: Vaults:1 (give 15 potions of curing)

Annotations:
D:8 staff and stuff, exclusion: downstairs
D:9 erolcha!
Crypt:1 exclusion: zombie


Innate Abilities, Weirdness & Mutations

Your body is rotting away.
You thrive on raw meat.
You are immune to poison.
You have sharp fingernails.
You are carnivorous and can eat meat at any time.
Your flesh is cold resistant. (rC+)
You are immune to negative energy. (rN+++)
You do not regenerate when monsters are visible.
You are immune to unholy pain and torment.
You can survive without breathing.


Message History

Orders for allies: a - Attack new target. r - Retreat! s - Stop attacking. g - Guard the area. f - Follow me.
Anything else - Cancel.
Gang up on whom?
Press: ? - help, Dir - move target cursor, f - lich
Aim: a lich Attack!
A huge blade swings out and slices into your mature stingshock beast!
Your mature stingshock beast is moderately wounded.
Attack whom?
Press: ? - help, Dir - move target cursor, f/p - lich
Aim: a lich You reach to attack!
You impale the lich!!
The lich is moderately damaged.
Your spectral weapon hits the lich!!
The lich gestures at you while chanting.
The crystal spear hits you!
Ouch! That really hurt!
You die...

******##########*#########
*,,,,,#...)....#,.........
*,,,,,#........#,........H
*,,,,,#........#,.........
*,,,,,#..H(....#,........^
*,,,,,#..@.L...#,........H
*,,,,*########'#*#########
***+**,,,,,,,,,,,,,,,...,,
*,,,,*,,,,,,,,,,,,,,,,...,
*,,,,*,,,,,,,,,,,,,,,,,..,
*,,,,*,,,,,,****,,,.,,,,.#
*,,,,*,,,,,,,,,.##*.M.###.
*,,,,*,,,,,,,..,..,###....
*,,,,*,,,,,,,...,.##.##.M.


You could see a lich, a friendly mature stingshock beast and a friendly spectral
lance "Wyrmbane" {slay drac, rPois rF+ rC+ AC+3}.

Vanquished Creatures
  the Royal Jelly (Slime:5)
  An ancient lich (Crypt:3)
  2 greater mummies
  2 golden dragons (Vaults:5)
  2 tentacled monstrosities (Vaults:5)
  3 liches
  A quicksilver dragon (Vaults:5)
  4 titans
  6 sphinxes
  12 acid blobs
  An ancient champion (Crypt:1)
  4 tengu reavers
  4 thorn hunters
  Agnes (Spider:1)
  2 storm dragons
  6 shadow dragons
  7 azure jellies
  3 frost giants
  4 fire giants
  2 iron dragons
  4 ghost moths
  11 vault wardens
  An orc warlord (Orc:2)
  A deep elf elementalist (Vaults:5)
  11 ironheart preservers
  3 curse skulls
  2 emperor scorpions
  5 ghouls (Crypt:3)
  7 stone giants
  5 war gargoyles
  4 very ugly things
  Nessos (D:14)
  A deep elf demonologist (Vaults:1)
  A bennu (Tomb:1)
  3 vampire knights
  A spark wasp (Spider:4)
  A mummy priest (Tomb:1)
  10 death oozes
  2 deep elf high priests (Vaults:5)
  8 ettins
  Josephine (Lair:5)
  16 yaktaur captains
  A crystal guardian (Vaults:4)
  3 jiangshi
  3 deep elf death magi
  3 fire dragons
  6 great orbs of eyes
  32 vault guards
  Harold (Lair:2)
  10 hydras
  An ice dragon (Vaults:3)
  The ghost of Serpenta the Summoner, a journeyman BaSu of Sif Muna (D:9)
  A rakshasa (Vaults:1)
  A catoblepas (shapeshifter) (Vaults:5)
  Erolcha (D:9)
  2 centaur warriors
  An alligator (Swamp:1)
  A vampire mage (Crypt:3)
  19 two-headed ogres
  A tengu warrior (D:13)
  18 death scarabs
  2 deep troll shamans
  10 ogre magi
  A dancing weapon (Vaults:5)
  10 hell knights (Crypt:3)
  2 soul eaters
  3 deep elf knights
  3 shadow wraiths (Crypt:3)
  A storm dragon skeleton (Crypt:3)
  A fire crab (shapeshifter) (Vaults:1)
  7 flayed ghosts
  9 deep trolls
  8 skeletal warriors
  2 unseen horrors
  2 spriggan druids (Swamp:3)
  2 glowing orange brains
  A wizard (Vaults:3)
  11 phantasmal warriors
  2 deep elf archers
  6 swamp dragons
  A shadow dragon zombie (Crypt:3)
  An anaconda skeleton (Crypt:3)
  2 golden dragon skeletons (Crypt:3)
  3 harpies (Vaults:5)
  8 ironbrand convokers
  A lindwurm (shapeshifter) (Vaults:5)
  8 orc knights
  Pikel (D:7)
  A shambling mangrove (Swamp:3)
  A wolf spider zombie (D:14)
  A harpy (shapeshifter) (Vaults:3)
  A stone giant zombie (Crypt:3)
  A necromancer (Crypt:3)
  An iron dragon zombie (Tomb:1)
  An orb spider (shapeshifter) (Vaults:1)
  10 deep elf magi
  3 shining eyes
  6 orb spiders
  A salamander (shapeshifter) (Vaults:5)
  17 wolf spiders
  An orc sorcerer (Orc:1)
  3 cyclopes
  22 ugly things
  An iron dragon skeleton (Crypt:1)
  A sphinx skeleton (Crypt:2)
  3 moths of wrath
  3 manticores
  10 vault sentinels
  5 eyes of devastation
  2 black mambas
  4 elephants (Lair:6)
  Maurice (D:9)
  A torpor snail (Lair:4)
  A dire elephant zombie (Crypt:3)
  3 smoke demons (Crypt:3)
  9 spiny frogs
  A stone giant skeleton (Crypt:3)
  4 gargoyles (Crypt:3)
  3 rime drakes (Lair:6)
  7 komodo dragons
  25 yaktaurs
  A kobold demonologist (D:13)
  2 centaur skeletons
  8 demonic crawlers
  5 freezing wraiths
  8 guardian mummies (Tomb:1)
  4 red devils (Crypt:3)
  4 trolls
  3 meliai (Spider:3)
  A troll (shapeshifter) (Vaults:3)
  12 jumping spiders
  14 hornets
  9 polar bears
  A queen bee (Spider:3)
  2 tyrant leeches (Swamp:3)
  A jumping spider (shapeshifter) (Vaults:1)
  16 blink frogs
  60 slime creatures
  7 dream sheep (Lair:4)
  A blink frog (shapeshifter) (Vaults:3)
  An ettin zombie (Crypt:3)
  3 hippogriffs
  5 bog bodies
  A fire giant simulacrum (Vaults:1)
  36 redbacks
  6 spriggans
  3 shadows (Crypt:3)
  18 tarantellas
  8 wraiths
  5 vampires (Crypt:3)
  A hog (shapeshifter) (Vaults:3)
  3 steam dragons
  A yak (shapeshifter) (Vaults:3)
  22 yaks
  3 ushabtiu
  3 wyverns
  3 basilisks
  A hungry ghost (Crypt:3)
  16 vampire mosquitoes
  5 wargs
  17 swamp worms
  A spiny frog zombie (Crypt:1)
  An acid dragon (D:13)
  A soldier ant (shapeshifter) (Vaults:3)
  8 water moccasins
  A porcupine (Lair:4)
  11 hell hounds (Lair:6)
  28 orc warriors
  3 ice beasts
  2 floating eyes (Slime:5)
  2 slaves (D:6)
  2 swamp drakes
  3 eyes of draining
  2 phantoms
  2 sky beasts
  10 black bears
  An eye of draining (shapeshifter) (Vaults:2)
  A spiny frog skeleton (Crypt:3)
  6 necrophages
  21 wolves
  11 boggarts
  4 centaurs
  24 ogres
  15 crocodiles
  4 big kobolds
  Blork the orc (D:6)
  10 bullfrogs
  2 wyvern zombies
  2 wyvern skeletons (D:14)
  A scorpion (D:13)
  25 killer bees
  7 howler monkeys
  12 wights
  3 bullfrog zombies
  7 hounds
  7 crimson imps
  A quasit (D:11)
  A jelly (D:6)
  23 orc priests
  25 orc wizards
  10 worker ants
  2 iguanas
  A hound skeleton (D:8)
  10 mummies
  A howler monkey zombie (D:10)
  Robin (D:2)
  A gnoll (D:2)
  A river rat (Sewer)
  7 adders
  5 shadow imps
  An ooze (D:2)
  An adder skeleton (D:5)
  16 worms
  2 dart slugs
  2 leopard geckos (D:4)
  90 orcs
  5 bats
  3 giant cockroaches
  12 goblins
  7 hobgoblins
  6 jackals
  16 kobolds
  5 quokkas
  5 ball pythons
  3 frilled lizards
  A hobgoblin skeleton (Crypt:2)
  An orc skeleton (Crypt:3)
  A quokka zombie (D:5)
  14 rats
  A plant (Lair:6)
1377 creatures vanquished.

Vanquished Creatures (collateral kills)
  2 greater mummies (Tomb:1)
  A sphinx (Tomb:1)
  A shadow dragon (Vaults:5)
  A revenant (Tomb:2)
  A ghost moth (Spider:4)
  The ghost of WhatIsLove the Eclecticist, an adept DEFE of Sif Muna (Swamp:4)
  2 emperor scorpions
  An ironheart preserver (Vaults:1)
  A stone giant (Vaults:3)
  2 bennus
  2 ettins (Vaults:5)
  A death ooze (Slime:5)
  4 mummy priests
  An eidolon (Crypt:3)
  An ice dragon (Vaults:5)
  3 hydras
  A two-headed ogre (Vaults:1)
  A death knight (Vaults:5)
  A centaur warrior (D:13)
  An alligator (Swamp:3)
  4 death scarabs
  2 vampire magi
  A spriggan berserker (Swamp:4)
  A skeletal warrior (Tomb:2)
  3 swamp dragons
  A flayed ghost (Crypt:3)
  A spriggan druid (Swamp:3)
  An ironbrand convoker (Vaults:3)
  A wizard (Vaults:1)
  2 deep elf archers (Vaults:1)
  2 phantasmal warriors (Crypt:3)
  3 wolf spiders
  A mana viper (shapeshifter) (Vaults:1)
  8 orb spiders
  2 ugly things
  A shining eye (Lair:6)
  3 yaktaurs
  An oklob plant (D:11)
  2 black mambas (Lair:6)
  2 elephants (Lair:6)
  A spiny frog (Lair:6)
  A centaur skeleton (D:14)
  A rime drake (Lair:6)
  A komodo dragon (Lair:6)
  4 demonic crawlers
  2 guardian mummies (Tomb:1)
  10 jumping spiders
  A harpy zombie (Crypt:3)
  2 trolls
  2 polar bears (Lair:6)
  2 tyrant leeches (Swamp:3)
  A hornet (Spider:4)
  5 slime creatures
  2 bog bodies (Swamp:4)
  A frost giant simulacrum (Tomb:1)
  12 redbacks
  8 yaks
  An ettin skeleton (Crypt:3)
  5 tarantellas
  A wraith (Crypt:1)
  A basilisk (Lair:6)
  A steam dragon (Lair:6)
  A vampire mosquito (Swamp:3)
  A warg (Lair:6)
  4 swamp worms
  An acid dragon (Lair:6)
  6 hell hounds (Lair:6)
  8 swamp drakes
  An orc warrior (D:13)
  5 black bears (Lair:6)
  A phantom (D:13)
  An ogre (D:11)
  4 wolves
  A scorpion (Lair:3)
  2 killer bees (Spider:3)
  An orc wizard (D:8)
  A worker ant (Lair:3)
  7 mummies
  3 worms (Spider:4)
  7 orcs
  8 plants
  A withered plant (Crypt:3)
200 creatures vanquished.

Vanquished Creatures (others)
  A lich (Tomb:2)
  An ogre mage (Vaults:5)
  An ugly thing (Vaults:1)
  A dream sheep (shapeshifter) (Vaults:5)
  A wraith (Crypt:3)
  4 swamp worms
  An ogre (Vaults:5)
  A boggart (Vaults:1)
  A wight (D:7)
  3 mummies (Tomb:2)
  An orc (Orc:2)
  A briar patch (Swamp:4)
  6 fungi (Lair:6)
  16 plants
  17 spectral weapons
  46 withered plants (Crypt:3)
102 creatures vanquished.

Grand Total: 1679 creatures vanquished

Notes
Turn   | Place    | Note
-------+----------+-------------------------------------------
     0 | D:1      | Lavandula the Ghoul Warper began the quest for the Orb.
     0 | D:1      | Reached XP level 1. HP: 17/17 MP: 2/2
   210 | D:1      | Reached XP level 2. HP: 18/23 MP: 3/3
   300 | D:2      | Learned a level 2 spell: Blink
   353 | D:2      | Reached XP level 3. HP: 16/29 MP: 4/4
   398 | D:2      | Learned a level 2 spell: Shroud of Golubria
   500 | D:5      | Entered Level 5 of the Dungeon
   620 | D:5      | Noticed a centaur
   642 | D:5      | Killed a centaur
   642 | D:5      | Reached skill level 5 in Unarmed Combat
   642 | D:5      | Reached XP level 4. HP: 12/36 MP: 3/5
   642 | D:5      | Reached XP level 5. HP: 14/41 MP: 3/6
   778 | D:5      | Reached XP level 6. HP: 20/52 MP: 7/7
   850 | D:6      | Found a staircase to the Ecumenical Temple.
   855 | D:6      | Noticed Blork the orc
   861 | Temple   | Entered the Ecumenical Temple
   890 | Temple   | Became a worshipper of Cheibriados the Contemplative
   916 | D:6      | Killed Blork the orc
   917 | D:6      | Found a burning altar of Makhleb.
   987 | D:6      | Reached XP level 7. HP: 44/60 MP: 2/8
  1018 | D:6      | Found a glowing drain.
  1050 | Sewer    | Entered a sewer
  1129 | Sewer    | Reached * piety under Cheibriados
  1161 | Sewer    | Found a white marble altar of Elyvilon.
  1771 | D:2      | Reached ** piety under Cheibriados
  1848 | D:2      | Noticed Robin
  1879 | D:2      | Killed Robin
  2059 | D:4      | Reached XP level 8. HP: 60/67 MP: 9/9
  2455 | D:6      | Got a steaming robe
  2466 | D:6      | Identified the cursed +0 robe of the Lotus Blossom {rElec rF- Slay+2} (You found it on level 6 of the Dungeon)
  2682 | D:7      | Noticed Pikel
  2743 | D:6      | :3
  2745 | D:6      | Learned a level 1 spell: Animate Skeleton
  2749 | D:6      | Learned a level 3 spell: Regeneration
  2786 | D:7      | Learned a level 3 spell: Vampiric Draining
  2794 | D:7      | You fall through a shaft for 2 floors!
  2799 | D:9      | Reached skill level 1 in Necromancy
  2804 | D:9      | Noticed Erolcha
  2820 | D:8      | Reached *** piety under Cheibriados
  2988 | D:7      | Killed Pikel
  2988 | D:7      | Reached XP level 9. HP: 58/72 MP: 6/11
  3154 | D:8      | Reached **** piety under Cheibriados
  3154 | D:8      | Reached skill level 10 in Unarmed Combat
  3249 | D:8      | Learned a level 4 spell: Animate Dead
  3350 | D:8      | Reached XP level 10. HP: 55/80 MP: 2/15
  3439 | D:8      | Reached skill level 5 in Spellcasting
  3666 | D:9      | Noticed Maurice
  3681 | D:9      | Killed Maurice
  3696 | D:9      | Learned a level 4 spell: Passage of Golubria
  3746 | D:9      | Reached ***** piety under Cheibriados
  3804 | D:9      | Killed Erolcha
  3811 | D:9      | Learned a level 3 spell: Lesser Beckoning
  3899 | D:9      | Noticed Serpenta's ghost (journeyman BaSu)
  3928 | D:9      | Killed Serpenta's ghost
  3951 | D:9      | Found a white marble altar of Elyvilon.
  4158 | D:10     | Entered Level 10 of the Dungeon
  4244 | D:10     | Reached skill level 1 in Armour
  4262 | D:10     | Found a staircase to the Orcish Mines.
  4361 | D:10     | Learned a level 1 spell: Apportation
  4361 | D:10     | :3
  4363 | D:10     | Learned a level 1 spell: Summon Butterflies
  4453 | D:10     | Reached XP level 11. HP: 76/85 MP: 21/21
  4484 | D:11     | Noticed a two-headed ogre
  4521 | D:12     | Noticed a two-headed ogre
  4591 | D:11     | Learned a level 1 spell: Confusing Touch
  4617 | D:11     | Noticed an oklob plant
  4633 | D:11     | Found a staircase to the Lair.
  4661 | D:11     | Killed an oklob plant
  4671 | D:11     | Reached skill level 5 in Translocations
  4786 | D:11     | Killed a two-headed ogre
  4961 | D:11     | Reached skill level 1 in Shields
  5060 | Orc:1    | Entered Level 1 of the Orcish Mines
  5063 | Orc:1    | Noticed an orc knight
  5077 | D:10     | Killed an orc knight
  5428 | Orc:1    | Noticed an orc sorcerer
  5429 | Orc:1    | Noticed a sun demon
  5440 | Orc:1    | Killed an orc sorcerer
  5480 | Orc:2    | Entered Level 2 of the Orcish Mines
  5484 | Orc:2    | Found Fugit's Magic Scroll Shoppe.
  5494 | Orc:2    | Bought a scroll of random uselessness for 15 gold pieces
  5688 | Orc:2    | Found a roughly hewn altar of Beogh.
  5697 | Orc:2    | Noticed an orc knight
  5716 | Orc:2    | Killed an orc knight
  5734 | Orc:2    | Found Zuleih's General Store.
  5739 | Orc:2    | Bought a scroll of fear for 59 gold pieces
  5780 | Orc:2    | Reached ****** piety under Cheibriados
  5883 | Orc:2    | Found a roughly hewn altar of Beogh.
  5905 | Orc:2    | Found Desuts's Jewellery Shop.
  5989 | Orc:2    | Noticed an orc knight
  6008 | Orc:2    | Killed an orc knight
  6008 | Orc:2    | Reached skill level 5 in Invocations
  6118 | Orc:2    | Noticed an orc warlord
  6121 | Orc:2    | Noticed an orc knight
  6185 | Orc:2    | Killed an orc warlord
  6185 | Orc:2    | Reached XP level 12. HP: 48/92 MP: 1/22
  6381 | Orc:2    | Found Kukkarirr's Antique Armour Shop.
  6382 | Orc:2    | Found a roughly hewn altar of Beogh.
  6385 | Orc:2    | Found Gepreusm's Antique Weapon Boutique.
  6397 | Orc:2    | Bought a runed scarf for 248 gold pieces
  6407 | Orc:2    | Bought a shiny scale mail for 217 gold pieces
  6500 | Orc:2    | Bought a lightning rod (4/4) for 680 gold pieces
  6525 | Orc:2    | Bought a scroll of teleportation for 45 gold pieces
  6525 | Orc:2    | Bought a scroll of identify for 30 gold pieces
  6525 | Orc:2    | Bought a scroll of identify for 30 gold pieces
  6604 | Lair:1   | Entered Level 1 of the Lair of Beasts
  6823 | Lair:2   | Noticed Harold
  6847 | Lair:2   | Killed Harold
  6926 | Lair:3   | Reached skill level 5 in Armour
  6929 | Lair:3   | Noticed a four-headed hydra
  6945 | Lair:3   | Killed a four-headed hydra
  6977 | Lair:3   | Found a staircase to the Swamp.
  7247 | Lair:2   | Reached skill level 1 in Charms
  7415 | Swamp:1  | Entered Level 1 of the Swamp
  7456 | Swamp:1  | Noticed an alligator
  7469 | Swamp:1  | Killed an alligator
  7469 | Swamp:1  | Reached skill level 5 in Fighting
  7640 | Swamp:2  | Reached XP level 13. HP: 104/104 MP: 23/23
  8227 | Swamp:3  | Reached skill level 1 in Evocations
  8409 | Swamp:3  | Noticed a thorn hunter
  8419 | Swamp:3  | Killed a thorn hunter
  8538 | Swamp:4  | Entered Level 4 of the Swamp
  8747 | Swamp:4  | Noticed a thorn hunter
  8758 | Swamp:3  | Reached skill level 5 in Evocations
  8847 | Swamp:4  | Killed a thorn hunter
  8950 | Swamp:4  | Reached skill level 5 in Shields
  8979 | Swamp:4  | Noticed a thorn hunter
  8985 | Swamp:4  | Killed a thorn hunter
  8985 | Swamp:4  | Reached skill level 5 in Dodging
  8985 | Swamp:4  | Reached XP level 14. HP: 119/119 MP: 12/24
  9237 | Swamp:4  | Learned a level 4 spell: Cause Fear
  9307 | Swamp:4  | Noticed WhatIsLove's ghost (adept DEFE)
  9735 | Swamp:4  | Noticed a thorn hunter
  9747 | Swamp:4  | Killed a thorn hunter
  9855 | Swamp:4  | Got a decaying rune of Zot
  9989 | Swamp:4  | Killed WhatIsLove's ghost
 10069 | Swamp:3  | Noticed a thorn hunter
 10270 | Lair:3   | Found a hole to the Spider Nest.
 10294 | Spider:1 | Entered Level 1 of the Spider Nest
 10361 | Spider:1 | Learned a level 3 spell: Gell's Gravitas
 10365 | Spider:1 | Noticed an emperor scorpion
 10390 | Spider:1 | Killed an emperor scorpion
 10545 | Spider:1 | Noticed Agnes
 10560 | Spider:1 | Killed Agnes
 10655 | Spider:1 | Killed a ghost moth
 10933 | Spider:1 | Reached XP level 15. HP: 122/126 MP: 20/26
 10969 | Spider:1 | Noticed an emperor scorpion
 10989 | Spider:1 | Killed an emperor scorpion
 11125 | Spider:2 | Learned a level 3 spell: Lesser Beckoning
 11270 | Spider:3 | Killed a ghost moth
 11308 | Spider:3 | Reached skill level 1 in Stealth
 11569 | Spider:4 | Entered Level 4 of the Spider Nest
 11653 | Spider:3 | Reached skill level 1 in Throwing
 11821 | Spider:3 | Noticed an emperor scorpion
 12270 | Spider:4 | Killed a ghost moth
 12339 | Spider:4 | Noticed an emperor scorpion
 12347 | Spider:4 | Noticed an emperor scorpion
 12504 | Spider:4 | Got a clouded amber ring
 12506 | Spider:4 | Identified the ring of the Blind Eye {Dex+2 SInv Stlth-} (You found it on level 4 of the Spider Nest)
 12668 | Spider:4 | Reached skill level 10 in Spellcasting
 12740 | Spider:4 | Noticed a ghost moth
 12746 | Spider:4 | Killed a ghost moth
 12837 | Spider:4 | Learned a level 6 spell: Invisibility
 12920 | Spider:4 | Noticed a ghost moth
 12926 | Spider:4 | Killed a ghost moth
 12927 | Spider:4 | Noticed an emperor scorpion
 12941 | Spider:4 | Killed an emperor scorpion
 12955 | Spider:4 | Noticed an emperor scorpion
 12958 | Spider:4 | Got a gossamer rune of Zot
 13154 | Spider:4 | Reached XP level 16. HP: 119/134 MP: 30/30
 13240 | Lair:3   | Upgraded the game from 0.21-a0-216-g6d3fd91 to 0.21-a0-221-gfe971b9
 13348 | Lair:4   | FUCK
 13729 | Lair:6   | Entered Level 6 of the Lair of Beasts
 13749 | Lair:6   | Found a viscous altar of Jiyva.
 13759 | Lair:6   | Found a staircase to the Slime Pits.
 14597 | Slime:1  | Entered Level 1 of the Pits of Slime
 14613 | Slime:1  | Noticed an acid blob
 14617 | Lair:6   | Reached skill level 10 in Dodging
 14639 | Slime:1  | Killed an acid blob
 14653 | Slime:2  | Noticed an azure jelly
 14655 | Slime:2  | Killed an azure jelly
 14697 | Slime:3  | Noticed an acid blob
 14697 | Slime:3  | Noticed an acid blob
 14707 | Slime:2  | Killed an acid blob
 14766 | Slime:2  | Killed an acid blob
 15126 | Slime:4  | Reached XP level 17. HP: 138/138 MP: 27/31
 15354 | Slime:5  | Entered Level 5 of the Pits of Slime
 15363 | Slime:5  | Reached skill level 10 in Fighting
 15365 | Slime:5  | Noticed an acid blob
 15368 | Slime:5  | Noticed an acid blob
 15754 | Slime:5  | Paralysed by a floating eye for 3 turns
 15769 | Slime:5  | Killed an acid blob
 15910 | Slime:5  | Learned a level 3 spell: Lesser Beckoning
 16057 | Slime:5  | Noticed an acid blob
 16088 | Slime:5  | Killed an acid blob
 16217 | Slime:4  | Noticed an acid blob
 16222 | Slime:4  | Killed an acid blob
 16256 | Slime:5  | Noticed an acid blob
 16258 | Slime:5  | Noticed an acid blob
 16273 | Slime:4  | Noticed an acid blob
 16297 | Slime:4  | Killed an acid blob
 16453 | Slime:5  | Killed an acid blob
 16500 | Slime:5  | Killed an acid blob
 16572 | Slime:5  | Found a viscous altar of Jiyva.
 16581 | Slime:5  | Noticed the Royal Jelly
 16592 | Slime:5  | Noticed an acid blob
 16597 | Slime:5  | Killed an acid blob
 16631 | Slime:4  | Noticed an acid blob
 16635 | Slime:4  | Killed an acid blob
 16801 | Slime:5  | Noticed an acid blob
 16811 | Slime:5  | Noticed an acid blob
 16811 | Slime:5  | Noticed an acid blob
 16811 | Slime:5  | Noticed an acid blob
 16812 | Slime:5  | Noticed an acid blob
 16812 | Slime:5  | Killed the Royal Jelly
 16814 | Slime:5  | Killed an acid blob
 16842 | Slime:5  | Identified the Almanac of Spatial Necromancy
 16851 | Slime:5  | Identified the Papyrus of Warped Attacks
 16863 | Slime:5  | Got a pitted helmet
 16874 | Slime:5  | Identified the +1 helmet of Impressiveness {rPois Regen+} (You found it on level 5 of the Pits of Slime)
 16917 | Slime:5  | Found the +8 lance "Wyrmbane" {slay drac, rPois rF+ rC+ AC+3}
 16923 | Slime:5  | Noticed an acid blob
 16947 | Slime:5  | Got an ancient buckler
 16958 | Slime:5  | Identified the +1 buckler of Votor {*Contam rElec rC+ rN+} (You found it on level 5 of the Pits of Slime)
 16959 | Slime:5  | Got a slimy rune of Zot
 16968 | Slime:5  | Got a ruby-studded crystal plate armour
 17018 | Slime:5  | Noticed an acid blob
 17213 | Lair:5   | Reached skill level 1 in Polearms
 17247 | Lair:5   | Noticed Josephine
 17257 | Lair:5   | Killed Josephine
 17398 | D:13     | Found Qajiutod's Distillery.
 17407 | D:13     | Bought a potion of resistance for 170 gold pieces
 17407 | D:13     | Bought a potion of curing for 51 gold pieces
 17407 | D:13     | Bought a potion of curing for 51 gold pieces
 17407 | D:13     | Bought 2 potions of curing for 102 gold pieces
 17407 | D:13     | Bought a potion of curing for 51 gold pieces
 17494 | D:13     | Identified the +9 crystal plate armour of Esmaomiraf {rN++} (You found it on level 5 of the Pits of Slime)
 17602 | D:14     | Noticed Nessos
 17606 | D:14     | Killed Nessos
 17737 | D:13     | Reached XP level 18. HP: 150/157 MP: 32/32
 17890 | D:13     | Reached skill level 5 in Polearms
 17934 | D:13     | Found Lisiuxkoudd's Jewellery Boutique.
 17953 | D:13     | Found Burphag's Magic Scroll Shoppe.
 17961 | D:13     | Bought 3 scrolls of teleportation for 144 gold pieces
 17961 | D:13     | Bought a scroll of teleportation for 48 gold pieces
 17961 | D:13     | Bought a scroll of enchant armour for 120 gold pieces
 17972 | D:13     | Bought the ring "Ukowes" {*Contam rElec rF+ Str+3 SInv} for 658 gold pieces
 18100 | D:13     | Found Vycarhiy's Antique Armour Emporium.
 18253 | D:14     | Got a bound bone ring
 18255 | D:14     | Identified the cursed ring "Plog" {rPois rF+ rC++ Int-4 Slay-2} (You found it on level 14 of the Dungeon)
 18444 | D:14     | Found a gate to the Vaults.
 18451 | Vaults:1 | Entered Level 1 of the Vaults
 18618 | Vaults:1 | Found a portal to a secret trove of treasure.
 19068 | Vaults:1 | Reached skill level 10 in Polearms
 19781 | Vaults:2 | Reached XP level 19. HP: 72/163 MP: 20/33
 19829 | Vaults:2 | Found a staircase to the Crypt.
 19829 | Vaults:2 | Found an ancient bone altar of Kikubaaqudgha.
 19841 | Vaults:2 | Found a basalt altar of Yredelemnul.
 19847 | Crypt:1  | Entered Level 1 of the Crypt
 19879 | Crypt:1  | Learned a level 4 spell: Control Undead
 19935 | Crypt:3  | Entered Level 3 of the Crypt
 20313 | Crypt:3  | Found the +12 glaive of Prune {chop}
 20318 | Crypt:3  | Identified the Compendium of Dark Secrets
 20565 | Crypt:3  | Found a staircase to the Tomb.
 21027 | Crypt:3  | Found an ancient bone altar of Kikubaaqudgha.
 21125 | Crypt:3  | Noticed an ancient lich
 21134 | Crypt:3  | Killed an ancient lich
 21146 | Crypt:3  | Learned a level 3 spell: Spectral Weapon
 21245 | Crypt:3  | Reached skill level 5 in Stealth
 21361 | Tomb:1   | Entered Level 1 of the Tomb of the Ancients
 21588 | Crypt:1  | Reached XP level 20. HP: 124/175 MP: 21/35
 21783 | Vaults:3 | Found Nim Rerph's Book Shoppe.
 21794 | Vaults:3 | Bought a book of Enchantments for 950 gold pieces
 22007 | Vaults:4 | Identified The Arcane Secrets of Spellweaving
 22172 | Vaults:3 | Found Kaih Fep's Antique Armour Shoppe.
 22175 | Vaults:3 | Bought a distressingly furry ring mail for 450 gold pieces
 22185 | Vaults:3 | Identified the +0 ring mail "Oworoq" {*Corrode +Inv +Fly Dex+3} (You bought it in a shop on level 3 of the Vaults)
 22370 | Vaults:3 | Found Ihoycu's Weapon Shoppe.
 22399 | Vaults:3 | Found Xicin's Magic Scroll Boutique.
 22441 | Vaults:3 | Learned a level 6 spell: Deflect Missiles
 22482 | Vaults:3 | Bought a scroll of teleportation for 63 gold pieces
 22482 | Vaults:3 | Bought a scroll of teleportation for 63 gold pieces
 22482 | Vaults:3 | Bought 2 scrolls of teleportation for 126 gold pieces
 22558 | Vaults:3 | Reached skill level 5 in Charms
 22657 | Vaults:3 | Found Caxuq's Antique Weapon Emporium.
 22686 | Vaults:3 | Reached skill level 1 in Air Magic
 23050 | Vaults:5 | Entered Level 5 of the Vaults
 23053 | Vaults:5 | Reached skill level 5 in Air Magic
 23057 | Vaults:5 | Paralysed by a great orb of eyes for 3 turns
 23059 | Vaults:5 | Noticed a golden dragon
 23060 | Vaults:5 | Reached XP level 21. HP: 134/182 MP: 31/37
 23219 | Vaults:5 | Noticed a golden dragon
 23319 | Vaults:5 | Reached skill level 10 in Armour
 23457 | Vaults:5 | Identified the +4 ring mail of Proximity {rPois rC+} (You found it on level 5 of the Vaults)
 23466 | Vaults:5 | Killed a golden dragon
 23478 | Vaults:5 | Killed a golden dragon
 23500 | Vaults:5 | Got a pair of ancient boots
 23506 | Vaults:5 | Identified the cursed -3 pair of boots of the Villain {rC+ rN+ MR+ Int+6} (You found it on level 5 of the Vaults)
 23512 | Vaults:5 | Got a silver rune of Zot
 23726 | Vaults:5 | Reached XP level 22. HP: 168/190 MP: 29/38
 23799 | Vaults:5 | Got an encrusted scale mail
 23810 | Vaults:5 | Identified the cursed +1 scale mail "Waruckos" {Slay+4} (You found it on level 5 of the Vaults)
 24487 | Tomb:1   | Reached skill level 1 in Summonings
 24591 | Tomb:1   | Noticed a greater mummy
 24600 | Tomb:1   | Killed a greater mummy
 24654 | Tomb:1   | Noticed a greater mummy
 24662 | Tomb:1   | Killed a greater mummy
 24662 | Tomb:1   | Reached skill level 5 in Summonings
 24665 | Tomb:1   | Noticed a greater mummy
 24672 | Tomb:1   | Killed a greater mummy
 24875 | Tomb:2   | Noticed a greater mummy
 24875 | Tomb:2   | Noticed a greater mummy
 24876 | Tomb:2   | Noticed a greater mummy
 24876 | Tomb:2   | Noticed a greater mummy
 24903 | Tomb:2   | Killed a greater mummy
 24924 | Tomb:2   | Killed from afar by a lich

Vault maps used:
D:1:      matt_arrival_diagonals, minmay_three_crescents
D:2:      kennysheep_potato, uniq_robin
D:3:      nrook_mini_vaults, kennysheep_nondescript
D:5:      first_bread
D:6:      bloody_makhleb, minmay_temple_entry_large_hall, portal_sewer_entry_c,
          uniq_blork_the_orc
D:7:      uniq_pikel
D:8:      basic_loot_grate_trap
D:9:      serial_glass, glass_columns_c, glass_columns_b, blue_anna_alchemist,
          elyvilon_altar_5, uniq_maurice, uniq_erolcha
D:10:     orc_0_dummy
D:11:     dpeg_oklobed_lair
D:12:     minmay_radiant
D:13:     serial_shops, shop, nicolae_shop_temple_entry_statues_fountains, shop,
          shop, special_room
D:14:     hangedman_vaults_entry_quadrant_bands, infiniplex_staircase_door_maze,
          serial_glass, glass_columns_b, glass_columns_c, glass_columns_b,
          glass_columns_b, glass_columns_b, glass_columns_b, glass_columns_a,
          glass_columns_c, glass_columns_c, glass_columns_a, uniq_nessos
Temple:   compressed_dpeg_triangle_lava_temple
Lair:1:   nicolae_quartered_pool_medium
Lair:2:   zaba_anthole, beast_lair_carwin_3, uniq_harold
Lair:3:   minmay_swamp_entry_reptiles, nicolae_spider_entry_non_spiders,
          grunt_forest_stairs_clearing
Lair:5:   minivault_19, forest_entry_grove, uniq_josephine
Lair:6:   hangedman_lair_caniforms_friends, guppyfry_lair_end_dragon,
          slime_altar_1, minivault_26
Swamp:1:  serial_swamp_ruin, evilmike_swamp_ruin_rubble_1,
          evilmike_swamp_ruin_wall, evilmike_swamp_ruin_house_1
Swamp:2:  evilmike_swamp_ruin_house_4
Swamp:3:  evilmike_swamp_ruin_house_5
Swamp:4:  swamp_basic_johnstein, swamp_pool1
Spider:1: uniq_agnes
Spider:3: nicolae_looking_at_the_future, nicolae_spider_cling_ruins
Spider:4: spider_rune_water, worms_lemuel
Slime:2:  basic_altar
Slime:3:  basic_altar, nicolae_slime_phagocytosis, uniq_dissolution
Slime:4:  cheibrodos_slime_lost_civilization_9,
          cheibrodos_slime_lost_civilization_5
Orc:1:    enter_volcano_4
Orc:2:    grunt_orc_community_town_hall, grunt_orc_community_big_house_2,
          grunt_orc_community_big_house_2, grunt_orc_community_house_3,
          grunt_orc_community_house_1, grunt_orc_community_house_1,
          grunt_orc_community_house_1, grunt_orc_community_house_2,
          grunt_orc_community_house_3, serial_shops, shop,
          lightli_church_of_beogh
Vaults:1: v_alt_pattern_5, vaults_room_door_hall, hangedman_vaults_slice,
          st_lines, v_misc_10, nicolae_vaults_network_star,
          nicolae_vaults_network_periphery, vaults_room_door_ring,
          vaults_room_stairs_pillars, nicolae_trove_entry_crystal
Vaults:2: nicolae_vaults_border_crossing, nicolae_vaults_network_quincunx,
          minmay_crypt_entry_necro_gods, ontoclasm_vaults_decontamination,
          v_rooms_4, nicolae_vaults_theta, dpeg_vaults_monster_box, v_misc_3,
          nicolae_vaults_what_the_h, st_more_cells
Vaults:3: hangedman_vaults_stitches, v_misc_5, v_misc_9, v_misc_25,
          ontoclasm_vaults_pinch, grunt_vaults_hallway_short,
          grunt_vaults_hallway_long, vaults_mumra_minichess,
          vaults_room_semicircle, serial_shops, nicolae_shop_behind_doors, shop,
          nicolae_shop_crystal, shop, nicolae_shop_behind_doors
Vaults:4: grunt_vaults_swirl, vaults_room_grid, vaults_room_guarded_vault,
          v_misc_25, ontoclasm_vaults_loading_screen,
          hangedman_vaults_restitches, v_misc_30, v_misc_28,
          ontoclasm_vaults_fault, v_misc_25, nicolae_vaults_diagonal_hallway_6
Crypt:1:  grunt_megastairs_2
Crypt:2:  st_small_mortuary, grunt_megastairs_3
Crypt:3:  quadcrypt_mu
Sewer:    sewer_kobolds

Skill      XL: |  1  2  3  4  5  6  7  8  9 10 11 12 13 14 15 16 17 18 19 20 21 22 |
---------------+-------------------------------------------------------------------+-----
Unarmed Combat | 3 5 7 9 10 11 12 13 14 | 14.0
Fighting       | 3 4 6 9 13 14 | 14.3
Dodging        | 4 5 6 11 | 11.1
Spellcasting   | 2 4 7 8 11 12 13 | 13.3
Necromancy     | 6 7 9 |  9.2
Armour         | 3 6 7 9 13 14 | 14.4
Translocations | 3 5 7 |  7.1
Hexes          | 2 4 |  4.4
Shields        | 4 5 |  5.2
Invocations    | 5 9 |  9.0
Charms         | 3 5 8 |  8.1
Evocations     | 6 |  6.8
Stealth        | 4 8 9 |  9.4
Throwing       | 4 |  4.8
Polearms       | 4 11 12 | 12.0
Air Magic      | 6 |  6.8
Summonings     | 5 |  5.7

Action                   |  1- 3 |  4- 6 |  7- 9 | 10-12 | 13-15 | 16-18 | 19-21 | 22-24 || total
-------------------------+-------+-------+-------+-------+-------+-------+-------+-------++-------
Melee: Unarmed           |   109 |    60 |   391 |   638 |   771 |   669 |       |       ||  2638
       Punch             |     2 |     1 |    22 |    22 |       |       |       |       ||    47
       Lance             |       |       |       |       |       |   726 |  1045 |   247 ||  2018
Throw: Javelin           |       |       |     1 |     4 |    11 |     4 |       |       ||    20
       Throwing net      |       |       |       |     1 |       |       |     2 |       ||     3
 Cast: Shroud of Golubri |     5 |     4 |    16 |    46 |    71 |    69 |    24 |     1 ||   236
       Vampiric Draining |       |       |     7 |    40 |     8 |    48 |       |       ||   103
       Regeneration      |       |       |     1 |    28 |    72 |    71 |    31 |     2 ||   205
       Animate Dead      |       |       |     1 |     9 |    47 |    32 |    10 |     3 ||   102
       Passage of Golubr |       |       |       |     6 |    25 |    65 |    32 |    15 ||   143
       Animate Skeleton  |       |       |       |    42 |    21 |    30 |    28 |    12 ||   133
       Confusing Touch   |       |       |       |     7 |    28 |     2 |       |       ||    37
       Blink             |       |       |       |     4 |    24 |     9 |    13 |    21 ||    71
       Lesser Beckoning  |       |       |       |     7 |    22 |     4 |     4 |     4 ||    41
       Apportation       |       |       |       |     1 |    72 |   111 |    95 |    24 ||   303
       Summon Butterflie |       |       |       |       |    17 |       |       |       ||    17
       Gell's Gravitas   |       |       |       |       |     5 |     9 |       |       ||    14
       Invisibility      |       |       |       |       |     1 |     1 |       |       ||     2
       Cause Fear        |       |       |       |       |       |     6 |       |       ||     6
       Control Undead    |       |       |       |       |       |       |    13 |    10 ||    23
       Spectral Weapon   |       |       |       |       |       |       |    28 |    17 ||    45
       Deflect Missiles  |       |       |       |       |       |       |     2 |       ||     2
Invok: Bend Time         |       |     1 |       |       |       |     1 |       |       ||     2
       Slouch            |       |       |       |     3 |    14 |    13 |     4 |       ||    34
       Temporal Distorti |       |       |       |       |     1 |     2 |       |       ||     3
       Step From Time    |       |       |       |       |       |       |       |     2 ||     2
 Abil: Stop Flying       |       |       |       |       |       |       |       |     1 ||     1
Evoke: Wand              |       |       |       |     5 |    22 |     6 |     1 |       ||    34
       Lightning rod     |       |       |       |     1 |    16 |     5 |     2 |       ||    24
       Lamp of fire      |       |       |       |       |       |     2 |     3 |       ||     5
       Box of beasts     |       |       |       |       |       |     1 |       |     3 ||     4
  Use: Scroll            |     1 |     3 |     9 |    10 |    16 |    26 |    14 |     9 ||    88
       Potion            |       |     2 |       |     2 |    11 |    13 |     1 |     6 ||    35
 Stab: Distracted        |       |       |       |     2 |     8 |    12 |    12 |    15 ||    49
       Confused          |       |       |       |     1 |    14 |     1 |       |       ||    16
       Invisible         |       |       |       |       |    10 |       |       |       ||    10
       Sleeping          |       |       |       |       |       |     4 |     7 |       ||    11
       Held in net/web   |       |       |       |       |       |       |     4 |       ||     4
       Betrayed ally     |       |       |       |       |       |       |     1 |     1 ||     2
  Eat: Chunk             |     7 |     6 |    27 |    48 |    77 |    49 |    40 |    15 ||   269
       Royal jelly       |       |       |       |       |       |     2 |     1 |       ||     3
       Meat ration       |       |       |       |       |       |     1 |       |       ||     1
Armor: Leather armour    |    25 |    19 |    52 |    21 |       |       |       |       ||   117
       Ring mail         |       |       |    53 |    54 |       |       |       |       ||   107
       Scale mail        |       |       |       |    92 |   273 |   280 |    50 |       ||   695
       Chain mail        |       |       |       |    29 |       |    23 |    90 |    24 ||   166
Dodge: Dodged            |    47 |    39 |   203 |   379 |   495 |   804 |   290 |    51 ||  2308
       Deflected         |       |       |       |       |       |       |    25 |     5 ||    30
Block: Buckler           |       |       |       |    88 |   240 |   342 |   155 |    28 ||   853

Table legend:
 A = Spawn XP
 B = Non-spawn XP
 C = Spawn XP percentage of total XP
 D = Spawn monster count
 E = Non-spawn monster count
 F = Spawn count percentage of total count
 G = Total turns spent on level
                    A         B        C        D         E        F      G
               +---------+---------+-------+---------+---------+-------+---------
         Total |   47873 |  640101 |   7.0 |     116 |    1423 |   7.5 | 24924
               +---------+---------+-------+---------+---------+-------+---------
           D:1 |       0 |      23 |   0.0 |       0 |      13 |   0.0 |   347
           D:2 |       0 |      98 |   0.0 |       0 |      28 |   0.0 |   407
           D:3 |       2 |     128 |   1.5 |       2 |      17 |  10.5 |   373
           D:4 |       0 |     191 |   0.0 |       0 |       7 |   0.0 |   353
           D:5 |      47 |     305 |  13.4 |       2 |      14 |  12.5 |   490
           D:6 |       0 |     767 |   0.0 |       0 |      21 |   0.0 |   583
           D:7 |       0 |    1149 |   0.0 |       0 |      17 |   0.0 |   252
           D:8 |     175 |    2447 |   6.7 |       3 |      39 |   7.1 |   653
           D:9 |       0 |    2947 |   0.0 |       0 |      14 |   0.0 |   504
          D:10 |      49 |    2341 |   2.1 |       1 |      18 |   5.3 |   641
          D:11 |     208 |    3250 |   6.0 |       2 |      27 |   6.9 |   664
          D:12 |       0 |     523 |   0.0 |       0 |       1 |   0.0 |    32
          D:13 |    1193 |    9524 |  11.1 |       9 |      51 |  15.0 |   709
          D:14 |     435 |   15642 |   2.7 |       1 |      37 |   2.6 |   338
        Temple |       0 |       4 |   0.0 |       0 |       2 |   0.0 |    44
        Lair:1 |       0 |      88 |   0.0 |       0 |       1 |   0.0 |    56
        Lair:2 |     105 |    4719 |   2.2 |       1 |      24 |   4.0 |   587
        Lair:3 |       0 |    4283 |   0.0 |       0 |      28 |   0.0 |   222
        Lair:4 |       0 |    4258 |   0.0 |       0 |      18 |   0.0 |   412
        Lair:5 |       0 |    2998 |   0.0 |       0 |      15 |   0.0 |   221
        Lair:6 |    1909 |   24384 |   7.3 |       5 |     117 |   4.1 |   905
       Swamp:1 |     503 |    3261 |  13.4 |       2 |      12 |  14.3 |   404
       Swamp:2 |       0 |    2406 |   0.0 |       0 |      12 |   0.0 |   247
       Swamp:3 |    4459 |    8816 |  33.6 |       7 |      30 |  18.9 |  1080
       Swamp:4 |     987 |   21965 |   4.3 |       3 |      43 |   6.5 |  1029
      Spider:1 |    2946 |   12268 |  19.4 |       7 |      38 |  15.6 |  1014
      Spider:2 |       0 |    1379 |   0.0 |       0 |       3 |   0.0 |   135
      Spider:3 |    2888 |   14905 |  16.2 |       7 |      57 |  10.9 |   896
      Spider:4 |    1621 |   20932 |   7.2 |       5 |      67 |   6.9 |   900
       Slime:1 |       0 |    3602 |   0.0 |       0 |       3 |   0.0 |    35
       Slime:2 |       0 |    8292 |   0.0 |       0 |       8 |   0.0 |   137
       Slime:3 |       0 |    7984 |   0.0 |       0 |      19 |   0.0 |   381
       Slime:4 |    5150 |    8414 |  38.0 |       3 |      21 |  12.5 |  1050
       Slime:5 |    2556 |   34588 |   6.9 |       2 |      24 |   7.7 |   925
         Orc:1 |     136 |    1452 |   8.6 |       1 |      23 |   4.2 |   321
         Orc:2 |    1166 |    5145 |  18.5 |      19 |      66 |  22.4 |   952
      Vaults:1 |    2981 |   40426 |   6.9 |       7 |      74 |   8.6 |   952
      Vaults:2 |     867 |   19928 |   4.2 |       1 |      30 |   3.2 |   693
      Vaults:3 |    2553 |   45229 |   5.3 |       6 |      67 |   8.2 |  1048
      Vaults:4 |    1077 |   23522 |   4.4 |       1 |      19 |   5.0 |   484
      Vaults:5 |       0 |  152289 |   0.0 |       0 |     133 |   0.0 |   871
       Crypt:1 |     759 |    6255 |  10.8 |       1 |       8 |  11.1 |   153
       Crypt:2 |       0 |    7840 |   0.0 |       0 |      10 |   0.0 |    96
       Crypt:3 |   12565 |   56502 |  18.2 |      16 |      80 |  16.7 |  1626
        Tomb:1 |     536 |   42533 |   1.2 |       2 |      40 |   4.8 |   497
        Tomb:2 |       0 |    9974 |   0.0 |       0 |      15 |   0.0 |    53
         Sewer |       0 |     125 |   0.0 |       0 |      12 |   0.0 |   152
               +---------+---------+-------+---------+---------+-------+---------
